 Dungeon Crawl Stone Soup version 0.23.0-28-g6fe0f4d (webtiles) character file.

Game seed: 13921815603002163583

129 nuthulu the Skirmisher (level 5, -2/45 (46) HPs)
             Began as a Ghoul Berserker on Feb 25, 2019.
             Was a Believer of Trog.
             Killed from afar by Natasha (10 damage)
             ... with a wand of flame (17)
             ... on level 3 of the Dungeon.
             The game lasted 00:04:00 (2207 turns).

nuthulu the Skirmisher (Ghoul Berserker)            Turns: 2207, Time: 00:04:01

HP:   -2/45 (46)    AC:  6    Str: 21    XL:     5   Next: 12%
MP:   4/4           EV: 10    Int:  3    God:    Trog [**....]
Gold: 67            SH:  0    Dex:  8    Spells: 4/4 levels left

rFire    . . .     SeeInvis .     - Unarmed
rCold    + . .     Gourm    .   (no shield)
rNeg     + + +     Faith    .   d - +0 scale mail
rPois    ∞         Spirit   .   (no helmet)
rElec    .         Reflect  .   (no cloak)
rCorr    .         Harm     .   (no gloves)
MR       ++...                  (no boots)
Stlth    ..........             (no amulet)
HPRegen  1.00/turn              (no ring)
MPRegen  0.09/turn              (no ring)

@: regenerating, rotting
A: rotting body, claws 1, carnivore, cold resistance 1, negative energy
resistance 3, inhibited regeneration, torment resistance, unbreathing
a: Trog's Hand, Renounce Religion


You were on level 3 of the Dungeon.
You worshipped Trog.
Trog was pleased with you.
You were not hungry.

You visited 1 branch of the dungeon, and saw 3 of its levels.

You collected 67 gold pieces.

Inventory:

Armour
 a - a +0 animal skin
 d - a +0 scale mail (worn)
Scrolls
 c - 2 scrolls of identify
 g - a scroll of magic mapping
 i - a scroll of teleportation {unknown}
Potions
 e - 2 potions of curing
 f - a potion of resistance {unknown}
 h - a potion of flight {unknown}
 j - a potion of brilliance {unknown}
 k - a potion of lignification {unknown}
Comestibles
 b - a ration


   Skills:
 + Level 4.2 Fighting
 + Level 2.7 Armour
 + Level 2.7 Dodging
 + Level 4.2 Unarmed Combat


You had 4 spell levels left.
You didn't know any spells.
Your spell library was empty.

Dungeon Overview and Level Annotations

Branches:
Dungeon (3/15)

Altars:

Annotations:
D:3 Natasha


Innate Abilities, Weirdness & Mutations

Your body is rotting away.
You thrive on raw meat.
You are immune to poison.
You have sharp fingernails.
You are carnivorous and can eat meat at any time.
Your flesh is cold resistant. (rC+)
You are immune to negative energy. (rN+++)
You do not regenerate when monsters are visible.
You are immune to unholy pain and torment.
You can survive without breathing.


Message History

You barely miss Natasha.
Natasha zaps a wand.
The puff of flame hits you.
You scratch Natasha.
Natasha is lightly wounded.
A goblin comes into view. It is wielding a +0 club.
Natasha barely misses you.
You closely miss Natasha.
Natasha is lightly wounded.
The goblin shouts!
Natasha claws you!
The goblin drinks a potion.
The goblin suddenly seems more agile.
You closely miss Natasha.
Natasha is lightly wounded.
Natasha casts a spell at you. The magic dart hits you!
* * * LOW HITPOINT WARNING * * *
You barely miss Natasha.
Natasha is lightly wounded.
A rat comes into view.
Natasha zaps a wand.
The puff of flame hits you!
You die...

####......#
####.........#
#..#.##......#
#..#.##.....##
#..#.##.....#
####..#.######## r###
#......#.#
..g..##.#.....###...
......h@.............
.....##.#....####....
.#. #.###..# ..
#......# #####.## #.#
#.# #.####### ###
#.......# #..


You could see Natasha, a goblin and a rat (wandering).

Vanquished Creatures
  Jessica (D:3)
  2 adders (D:2)
  A gnoll (D:2)
  An ooze (D:2)
  2 dart slugs (D:2)
  2 leopard geckos
  7 orcs (D:3)
  A giant cockroach (D:2)
  10 goblins
  8 hobgoblins
  A quokka (D:2)
  5 bats
  3 frilled lizards
  5 kobolds
  5 rats
54 creatures vanquished.

Notes
Turn   | Place    | Note
-------+----------+-------------------------------------------
     0 | D:1      | nuthulu the Ghoul Berserker began the quest for the Orb.
     0 | D:1      | Reached XP level 1. HP: 19/19 MP: 0/0
   173 | D:1      | Reached XP level 2. HP: 20/25 MP: 1/1
   860 | D:1      | Reached XP level 3. HP: 20/29 MP: 2/2
  1598 | D:2      | Reached ** piety under Trog
  1623 | D:2      | Reached XP level 4. HP: 27/40 MP: 3/3
  2086 | D:3      | Noticed Jessica
  2101 | D:3      | Killed Jessica
  2101 | D:3      | Reached XP level 5. HP: 37/46 MP: 4/4
  2189 | D:3      | Noticed Natasha
  2207 | D:3      | Killed from afar by Natasha

Skill      XL: |  1  2  3  4 |
---------------+-------------+-----
Armour         | 2 |  2.7
Dodging        | 2 |  2.7
Fighting       | 4 |  4.2
Unarmed Combat | 4 |  4.2

Action                   |  1- 3 |  4- 6 || total
-------------------------+-------+-------++-------
Melee: Unarmed           |   132 |    79 ||   211
       Punch             |     1 |     1 ||     2
Invok: Trog's Hand       |       |     3 ||     3
  Use: Scroll            |     2 |     1 ||     3
  Eat: Chunk             |    31 |    21 ||    52
Armor: Animal skin       |     9 |       ||     9
       Scale mail        |    27 |    16 ||    43
Dodge: Dodged            |    75 |    30 ||   105
